 Dungeon Crawl Stone Soup version 0.30.1-3-gfc49f6343a (webtiles) character file.

Game seed: 13335040474313460443

3861 GeoRichter the Cleaver (level 10, -2/88 HPs)
             Began as a Meteoran Fighter on July 28, 2023.
             Was an Elder of Okawaru.
             Slain by a black mamba (shapeshifter) (9 damage)
             ... on level 9 of the Dungeon.
             The game lasted 00:16:10 (3101 turns).

GeoRichter the Cleaver (Meteoran Fighter)           Turns: 3101, Time: 00:16:10

Health: -2/88      AC: 14    Str: 21    XL:     10   Next: 68%
Magic:  0/17       EV: 13    Int: 12    God:    Okawaru [****..]
Gold:   343        SH:  7    Dex: 19    Spells: 9/9 levels left

rFire   . . .        a - +0 war axe
rCold   . . .        c - +0 buckler
rNeg    . . .        n - +4 ring mail
rPois   +            (no helmet)
rElec   .            t - +2 cloak
rCorr   .            (no gloves)
SInv    .            (no boots)
Will    +....        G - amulet of guardian spirit
Stlth   +            z - +6 ring of dexterity
HPRegen 0.34/turn    I - ring of poison resistance
MPRegen 0.15/turn

%: guardian spirit
@: about to teleport, heroic, glowing
A: sense surroundings 2, otherworldly, glowing, explore regen
a: Renounce Religion, Heroism, Finesse


You were on level 9 of the Dungeon.
You worshipped Okawaru.
Okawaru was greatly pleased with you.
You visited 2 branches of the dungeon, and saw 10 of its levels.

You collected 343 gold pieces.

Inventory:

Hand Weapons
 a - a +0 war axe (weapon)
 w - the +8 mace "Deomuobb" {heavy, Str+3 Int+3}
   (You took it off an orc on level 4 of the Dungeon)

   Str:       It affects your strength (+3).
   Int:       It affects your intelligence (+3).
Missiles
 b - 7 poisoned darts (quivered)
 k - 6 javelins
 o - 3 boomerangs
Armour
 c - a +0 buckler (worn)
 n - a +4 ring mail (worn)
   (You took it off an orc on level 5 of the Dungeon)
 t - a +2 cloak (worn)
   (You found it on level 4 of the Dungeon)
 v - a +3 leather armour of cold resistance
   (You took it off Duvessa on level 4 of the Dungeon)
Jewellery
 z - a +6 ring of dexterity (left hand)
   (You found it on level 5 of the Dungeon)
 G - an amulet of guardian spirit (around neck)
   (You found it on level 7 of the Dungeon)
 I - a ring of poison resistance (right hand)
   (You found it on level 5 of the Dungeon)
Wands
 E - a wand of polymorph (6)
   (You found it on level 7 of the Dungeon)
 H - a wand of flame (18)
   (You found it on level 8 of the Dungeon)
 K - a wand of light (5)
   (You took it off an orc on level 8 of the Dungeon)
Scrolls
 e - a scroll of amnesia
 h - a scroll of enchant armour {unknown}
 l - 2 scrolls of poison {unknown}
 r - a scroll of fog {unknown}
 u - a scroll of teleportation {@r4}
 x - a scroll of noise {unknown}
 y - a scroll of torment {unknown}
 D - 2 scrolls of immolation {unknown}
 F - a scroll of vulnerability {unknown}
Potions
 d - a potion of lignification {!q}
 f - a potion of ambrosia {unknown}
 g - a potion of magic
 i - 2 potions of resistance {unknown}
 j - a potion of heal wounds {unknown}
 m - a potion of attraction {!q}
 p - 3 potions of mutation {!q}
 q - 2 potions of flight
 s - a potion of berserk rage {unknown}
 A - a potion of curing {unknown}
 B - a potion of cancellation
 C - a potion of degeneration {unknown}
 J - a potion of haste {unknown}


   Skills:
 + Level 7.7(12.7) Fighting
 * Level 13.1(18.1) Axes
 - Level 3.6(8.6) Armour
 - Level 3.6(8.6) Shields
 + Level 8.8 Invocations


You had 9 spell levels left.
You didn't know any spells.
Your spell library contained the following spells:

 Spells                   Type           Power      Damage    Failure   Level
 Inner Flame              Hex/Fire       0%         N/A       87%         3
 Flame Wave               Conj/Fire      0%         2d4       99%         4
 Sticky Flame             Conj/Fire      0%         2d3       99%         4


Dungeon Overview and Level Annotations

Branches:
Dungeon (9/15) Zot: 2264   Temple (1/1) D:6 Zot: 598    Lair (0/5) D:9
    Orc: D:9-12

Altars:
Ashenzari
Cheibriados
Dithmenos
Fedhas
Gozag
Kikubaaqudgha
Makhleb
Okawaru
Ru
Sif Muna
Trog
Uskayaw
Vehumet
Xom
Zin
The Shining One

Annotations:
D:7 2 transporters


Innate Abilities, Weirdness & Mutations

You passively map the area around you.
You are easily found by Zot.
You glow in the dark.
You regain HP and MP as you explore.


Message History

You miss the raiju.
The raiju is severely wounded.
The raiju bursts into living lightning!
The living lightning misses you.
The raiju blinks!
You miss the raiju.
The raiju is severely wounded.
An orc comes into view. It is wielding a +0 club.
The raiju bites you but does no damage.
You barely miss the raiju.
The raiju is severely wounded.
You slash the troll! You block the troll's attack. The troll claws you!
* * * LOW HITPOINT WARNING * * *
The troll claws you.
* * * LOW HITPOINT WARNING * * *
The raiju bites you.
* * * LOW HITPOINT WARNING * * *
The raiju shocks you!
* * * LOW HITPOINT WARNING * * *
You gain the combat prowess of a mighty hero.
The raiju changes into a black mamba!
The troll bites you.
* * * LOW HITPOINT WARNING * * *
The troll completely misses you. The troll claws you but does no damage.
You hit the black mamba.
The black mamba is lightly wounded.
You slash the troll! The black mamba closely misses you. The troll bites you!
* * * LOW HITPOINT WARNING * * *
You block the troll's attack. The troll claws you but does no damage.
You slash the black mamba!
The black mamba is moderately wounded.
You hit the troll. The black mamba closely misses you.
You block the troll's attack. The troll claws you.
* * * LOW HITPOINT WARNING * * *
You block the troll's attack.
Okay, then.
You hit the troll.
The troll is severely wounded.
You barely miss the black mamba. The black mamba bites you.
* * * LOW HITPOINT WARNING * * *
The black mamba barely misses you. You block the troll's attack. x2
The troll claws you but does no damage.
You hit the troll.
The troll is severely wounded.
You slash the black mamba! The black mamba bites you.
* * * LOW HITPOINT WARNING * * *
As you read the scroll of teleportation {@r4}, it crumbles to dust.
You feel strangely unstable.
The black mamba bites you but does no damage.
The troll bites you but does no damage.
The troll claws you but does no damage. x2
The black mamba bites you!
You die...

.#######+##...............#,
* .# ,, , +..............##
.#,, ,, #..............# **
.# , , #............### * *
.# , +..........### . *, .#
, ### #........###.##. *
.##+##.####......###..#.# ,
,
...............###....###..
,
.............##S@T.........
,
...............###....###..
, ..#######........###..#.#
, ..'.....#..........###.##.
* #.#.....'............###
.,
#.#.....'..............###
,,,
#.#.....#................#,,
* *
#.#.....#................##
,, *
#.#..####.................#
,,


You could see a black mamba shaped shifter and a troll.

Vanquished Creatures
  A two-headed ogre (D:7)
  Sigmund (D:2)
  Eustachio (D:5)
  Duvessa (D:4)
  An orc warrior (D:8)
  A black bear (D:5)
  An ogre (D:6)
  2 centaurs
  3 phantoms
  Blork the orc (D:4)
  4 bullfrogs
  3 scorpions
  7 wights (D:9)
  Dowan (D:4)
  3 killer bees (D:7)
  5 howler monkeys (D:7)
  3 gnoll boudas
  6 orc priests
  2 hounds
  2 jellies
  3 iguanas
  12 orc wizards
  5 adders
  13 gnolls
  2 worms
  2 dart slugs
  26 orcs
  2 endoplasms
  A giant cockroach (D:1)
  2 goblins (D:3)
  4 hobgoblins
  6 kobolds
  A quokka (D:3)
  3 ball pythons
  4 bats
  2 frilled lizards
  3 rats
140 creatures vanquished.

Notes
Turn   | Place    | Note
-------+----------+-------------------------------------------
     0 | D:1      | GeoRichter the Meteoran Fighter began the quest for the
                  | Orb.
     0 | D:1      | Reached XP level 1. HP: 19/19 MP: 2/2
    62 | D:1      | Reached XP level 2. HP: 26/26 MP: 3/3
    73 | D:1      | Reached skill level 3 in Axes
   303 | D:2      | Noticed Sigmund
   309 | D:2      | Killed Sigmund
   310 | D:2      | Reached skill level 5 in Axes
   310 | D:2      | Reached XP level 3. HP: 34/34 MP: 4/4
   310 | D:2      | Reached XP level 4. HP: 41/41 MP: 5/5
   310 | D:2      | Reached XP level 5. HP: 47/47 MP: 6/6
   310 | D:2      | Reached XP level 6. HP: 53/53 MP: 7/7
   607 | D:4      | Reached skill level 6 in Axes
   625 | D:4      | Reached skill level 5 in Fighting
   655 | D:4      | Found an iron altar of Okawaru.
   678 | D:4      | Became a worshipper of Warmaster Okawaru
   693 | D:4      | Reached XP level 7. HP: 58/61 MP: 8/8
   851 | D:3      | You fall into a shaft and drop 2 floors!
   851 | D:5      | Entered Level 5 of the Dungeon
   899 | D:4      | Reached skill level 7 in Axes
   899 | D:4      | Reached skill level 1 in Invocations
   945 | D:5      | Noticed Eustachio
   991 | D:4      | Noticed Duvessa
   991 | D:4      | Noticed Dowan
  1006 | D:4      | Killed Duvessa
  1025 | D:3      | HP: 3/61 [something (2)]
  1028 | D:3      | Reached * piety under Okawaru
  1176 | D:4      | Killed Dowan
  1177 | D:4      | Reached skill level 8 in Axes
  1177 | D:4      | Reached XP level 8. HP: 62/68 MP: 11/11
  1224 | D:4      | Identified the +8 mace "Deomuobb" {heavy, Str+3 Int+3}
  1256 | D:4      | Noticed Blork the orc
  1460 | D:4      | Killed Blork the orc
  1501 | D:5      | Found a blossoming altar of Fedhas.
  1513 | D:5      | Reached skill level 9 in Axes
  1517 | D:5      | Killed Eustachio
  1521 | D:5      | Reached skill level 5 in Invocations
  1688 | D:5      | Reached ** piety under Okawaru
  1754 | D:5      | Gained mutation: You passively map the area around you.
                  | [Meteoran growth]
  1754 | D:5      | Reached XP level 9. HP: 71/74 MP: 12/14
  1762 | D:5      | Reached skill level 10 in Axes
  1880 | D:6      | Found a staircase to the Ecumenical Temple.
  1892 | Temple   | Entered the Ecumenical Temple
  2027 | D:7      | Reached skill level 11 in Axes
  2050 | D:7      | Reached *** piety under Okawaru
  2115 | D:7      | Found a sacrificial altar of Ru.
  2187 | D:7      | Noticed a kobold demonologist
  2190 | D:7      | Found a transporter.
  2196 | D:7      | Noticed a kobold demonologist
  2216 | D:7      | Found a transporter.
  2301 | D:7      | Noticed a two-headed ogre
  2315 | D:7      | HP: 1/75 [two-headed ogre/+0 giant club (11)]
  2316 | D:7      | Killed a two-headed ogre
  2316 | D:7      | Reached **** piety under Okawaru
  2317 | D:7      | Reached skill level 12 in Axes
  2317 | D:7      | Reached XP level 10. HP: 2/84 MP: 0/16
  2743 | D:9      | Reached skill level 13 in Axes
  2843 | D:9      | Found a staircase to the Lair.
  2904 | D:9      | Found a shimmering altar of Xom.
  2905 | D:9      | Found a shimmering altar of Xom.
  2951 | D:9      | Found a shimmering altar of Xom.
  2952 | D:9      | Found a shimmering altar of Xom.
  2952 | D:9      | Found a shimmering altar of Xom.
  2953 | D:9      | Found a shimmering altar of Xom.
  3096 | D:9      | a raiju changed into a black mamba
  3096 | D:9      | Noticed a black mamba (shapeshifter)
  3101 | D:9      | Slain by a black mamba (shapeshifter)

Illustrated notes

Levels and vault maps discovered:
D:1:      dpeg_arrival_shelter, layout_basic
D:2:      layout_basic, basic_altar, uniq_sigmund
D:3:      layout_basic, minmay_distorted, uniq_robin
D:4:      layout_loops_ring, mainiacjoe_overflow_catwalk, uniq_blork_the_orc,
          uniq_duvessa
D:5:      layout_loops_cross, mainiacjoe_overflow_brackets, uniq_eustachio
D:6:      layout_loops_ring, minmay_temple_entry_statues_fountains
D:7:      gammafunk_wand_slinger, layout_loops_ring, lemuel_round_altar,
          grunt_ministairs_5
D:8:      layout_loops_cross, minmay_misc_feat_room, nzn_random_ring, uniq_erica
D:9:      minmay_the_grid_four_pointed_star_mashed
          [minmay_the_grid_triangle_9x9_corrupted_corridor,
          minmay_the_grid_triangle_9x9_warning,
          minmay_the_grid_triangle_9x9_thin_v,
          minmay_the_grid_triangle_9x9_from_above,
          minmay_the_grid_prize_big_room], layout_irregular_city,
          xom_shifter_show, lair_entry_dummy
Temple:   nicolae_temple_x_marks_the_god

Skill      XL: |  1  2  3  4  5  6  7  8  9 10 |
---------------+-------------------------------+-----
Axes           | 5 6 8 9 12 13 | 13.1
Fighting       | 4 5 6 7 |  7.7
Invocations    | 3 5 7 8 |  8.8
Armour         | |  3.6
Shields        | |  3.6

Action                     |  1- 3 |  4- 6 |  7- 9 | 10-12 || total
---------------------------+-------+-------+-------+-------++-------
  Melee: War axe           |    35 |    62 |   284 |   148 ||   529
         Mace              |       |       |    11 |       ||    11
  Throw: Dart              |       |       |       |     1 ||     1
 Invoke: Heroism           |       |       |     2 |     2 ||     4
    Use: Potion            |     1 |       |     3 |       ||     4
         Scroll            |       |     1 |     4 |     3 ||     8
 Armour: Scale mail        |    16 |    27 |    67 |       ||   110
         Leather armour    |       |       |    30 |       ||    30
         Ring mail         |       |       |    65 |    88 ||   153
  Dodge: Dodged            |    13 |    27 |    97 |    51 ||   188
  Block: Buckler           |     8 |    15 |    66 |    53 ||   142
